 Dungeon Crawl Stone Soup version 0.26-a0-466-g989023bd0d (webtiles) character file.

Game seed: 17336420887499322729

1859 kae the Martial Artist (level 8, -7/66 HPs)
             Began as a Demonspawn Gladiator on Aug 7, 2020.
             Was an Initiate of Makhleb.
             Killed from afar by a steam dragon (18 damage)
             ... with a ball of steam
             ... on level 6 of the Dungeon.
             The game lasted 00:07:14 (7404 turns).

kae the Martial Artist (Demonspawn Gladiator)       Turns: 7404, Time: 00:07:15

Health: -7/66      AC:  9    Str: 16    XL:     8   Next: 89%
Magic:  10/10      EV: 13    Int:  9    God:    Makhleb [......]
Gold:   368        SH:  0    Dex: 16    Spells: 7/7 levels left

rFire    . . .     SeeInvis .     - Unarmed
rCold    . . .     Faith    .   (no shield)
rNeg     . . .     Spirit   .   a - +1 leather armour
rPois    .         Reflect  .   b - +2 helmet
rElec    .         Harm     .   (no cloak)
rCorr    +                      (no gloves)
MR       .....                  v - +0 pair of boots
Stlth    +.........             (no amulet)
HPRegen  0.21/turn              f - ring of resist corrosion
MPRegen  0.12/turn              (no ring)

@: no status effects
A: hooves 1, rugged brown scales 1, spiny 2
a: Renounce Religion


You were on level 6 of the Dungeon.
You worshipped Makhleb.
Makhleb was noncommittal.
You visited 2 branches of the dungeon, and saw 7 of its levels.

You collected 368 gold pieces.

Inventory:

Missiles
 c - 3 throwing nets (quivered)
Armour
 a - a +1 leather armour (worn)
 b - a +2 helmet (worn)
 v - a +0 pair of boots (worn)
Jewellery
 f - a ring of resist corrosion (left hand)
 t - an uncursed amulet of reflection {unknown}
Wands
 j - a wand of paralysis (7)
 q - a wand of digging (2)
Scrolls
 d - a scroll of enchant weapon
 h - 2 scrolls of remove curse
 i - a scroll of amnesia {unknown}
 m - a scroll of magic mapping
 o - a scroll of teleportation
Potions
 e - 2 potions of flight
 g - a potion of stabbing
 k - a potion of brilliance
 l - 2 potions of ambrosia {unknown}
 n - a potion of mutation {unknown}
 p - a potion of curing {unknown}
 r - a potion of degeneration {unknown}
 s - a potion of magic {unknown}
 u - 2 potions of might


   Skills:
 + Level 6.7 Fighting
 - Level 1.7 Throwing
 - Level 2.6 Dodging
 * Level 8.8 Unarmed Combat
 + Level 3.4 Invocations


You had 7 spell levels left.
You didn't know any spells.
Your spell library was empty.

Dungeon Overview and Level Annotations

Branches:
Dungeon (6/15)             Temple (1/1) D:5

Altars:
Ashenzari
Cheibriados
Dithmenos
Elyvilon
Fedhas
Hepliaklqana
Kikubaaqudgha
Makhleb
Nemelex Xobeh
Okawaru
Qazlal
Ru
Sif Muna
Trog
Uskayaw
Wu Jian
Xom
Yredelemnul
Zin
The Shining One


Innate Abilities, Weirdness & Mutations

You have large cloven feet.
You are partially covered in rugged brown scales. (AC +1, +3% HP)
You are mostly covered in sharp spines.


Message History

You hit the steam dragon. You punch the steam dragon.
The steam dragon is moderately wounded.
The steam dragon bites you. The steam dragon claws you.
* * * LOW HITPOINT WARNING * * *
You barely miss the steam dragon.
The steam dragon is moderately wounded.
You closely miss the steam dragon.
The steam dragon is moderately wounded.
The steam dragon closely misses you. The steam dragon barely misses you.
You hit the steam dragon but do no damage.
The steam dragon is moderately wounded.
The steam dragon is struck by your spines.
The steam dragon bites you!
* * * LOW HITPOINT WARNING * * *
The steam dragon barely misses you.
You hit the steam dragon but do no damage.
The steam dragon is moderately wounded.
The steam dragon breathes steam at you. The ball of steam hits you!!
You die...

##########
#........#
#........## #####
#..........
##≈≈.####..........
#≈≈...#.#..........
#≈.8...............
##≈....#............
#≈.@..#####......)..
#≈D#### ......##...
#≈.§## ...##......
#≈...# ## ......
##..§≈# ......
##§D§# ###... ##.≈#
#... ..§# #...
.≈###. ###.


You could see a steam dragon (catching breath).

Vanquished Creatures
  Grinder (D:5)
  Sigmund (D:3)
  A steam dragon (D:6)
  Edmund (D:5)
  An ice beast (D:6)
  A black bear (D:6)
  2 ogres (D:4)
  4 centaurs
  A bullfrog (D:6)
  A howler monkey (D:4)
  A centaur zombie (D:6)
  A hound (D:5)
  2 orc priests (D:5)
  An orc wizard (D:5)
  An iguana (D:4)
  Ijyb (D:4)
  Natasha (thrice) (D:3)
  2 worker ants
  4 gnolls
  5 adders
  An ooze (D:1)
  An adder skeleton (D:4)
  2 dart slugs
  3 leopard geckos
  12 orcs
  A ball python (D:2)
  3 giant cockroaches
  3 hobgoblins
  6 jackals
  2 quokkas (D:2)
  5 bats
  3 frilled lizards
  6 goblins (D:2)
  11 kobolds
  8 rats
102 creatures vanquished.

Notes
Turn   | Place    | Note
-------+----------+-------------------------------------------
     0 | D:1      | kae the Demonspawn Gladiator began the quest for the Orb.
     0 | D:1      | Reached XP level 1. HP: 16/16 MP: 1/1
    39 | D:1      | Reached skill level 3 in Unarmed Combat
   330 | D:1      | Gained mutation: You are partially covered in rugged brown
                  | scales. (AC +1, +3% HP) [demonic ancestry]
   330 | D:1      | Reached XP level 2. HP: 13/22 MP: 2/2
  1291 | D:2      | Gained mutation: You are partially covered in sharp spines.
                  | [demonic ancestry]
  1291 | D:2      | Reached XP level 3. HP: 28/28 MP: 3/3
  2036 | D:3      | Reached skill level 4 in Unarmed Combat
  2039 | D:3      | Reached XP level 4. HP: 28/35 MP: 4/4
  2706 | D:3      | Noticed Natasha
  2713 | D:3      | Killed Natasha
  2713 | D:3      | Reached XP level 5. HP: 42/42 MP: 5/5
  2754 | D:3      | Noticed Natasha
  2759 | D:3      | Killed Natasha
  2760 | D:3      | Noticed Natasha
  2771 | D:3      | Killed Natasha
  3141 | D:3      | Found a glowing silver altar of Zin.
  3143 | D:3      | Found a shimmering altar of Xom.
  3143 | D:3      | Found an iron altar of Okawaru.
  3145 | D:3      | Found a shimmering blue altar of Sif Muna.
  3309 | D:3      | Noticed Sigmund
  3325 | D:3      | Killed Sigmund
  3325 | D:3      | Reached skill level 5 in Unarmed Combat
  3325 | D:3      | Gained mutation: You have large cloven feet. [demonic
                  | ancestry]
  3325 | D:3      | Reached XP level 6. HP: 28/49 MP: 6/6
  3945 | D:4      | Reached skill level 6 in Unarmed Combat
  4234 | D:4      | Reached XP level 7. HP: 56/56 MP: 7/7
  4272 | D:4      | Noticed Ijyb
  4300 | D:4      | Killed Ijyb
  4441 | D:4      | Reached skill level 5 in Fighting
  4753 | D:5      | Entered Level 5 of the Dungeon
  4761 | D:5      | Noticed Edmund
  4928 | D:5      | Killed Edmund
  4928 | D:5      | Reached skill level 7 in Unarmed Combat
  5414 | D:5      | Noticed Grinder
  5445 | D:5      | Killed Grinder
  5445 | D:5      | Gained mutation: You are mostly covered in sharp spines.
                  | [demonic ancestry]
  5445 | D:5      | Reached XP level 8. HP: 43/65 MP: 8/8
  6103 | D:5      | Reached skill level 8 in Unarmed Combat
  6127 | D:5      | Found a staircase to the Ecumenical Temple.
  6243 | Temple   | Entered the Ecumenical Temple
  6415 | Temple   | Became a worshipper of Makhleb the Destroyer
  6631 | D:5      | Reached skill level 1 in Invocations
  7404 | D:6      | Killed from afar by a steam dragon

Illustrated notes

Levels and vault maps discovered:
D:1:      ncdulo_wetmaze, layout_rooms
D:2:      layout_loops_corners
D:3:      layout_basic, minitemple, nicolae_underground_beach, uniq_natasha,
          uniq_sigmund
D:4:      layout_basic, uniq_ijyb
D:5:      layout_basic, minmay_temple_entry_sparse_star, st_stairs_11,
          uniq_grinder, uniq_edmund
D:6:      cheibrodos_steamvent, layout_rooms
Temple:   eino_temple_scatter_basement

Skill      XL: |  1  2  3  4  5  6  7  8 |
---------------+-------------------------+-----
Unarmed Combat | 3 4 5 6 7 8 |  8.8
Fighting       | 3 4 5 6 |  6.7
Invocations    | 3 |  3.4
Throwing       | |  1.7
Dodging        | |  2.6

Action                   |  1- 3 |  4- 6 |  7- 9 || total
-------------------------+-------+-------+-------++-------
Melee: Unarmed           |   127 |   104 |   152 ||   383
       Punch             |     3 |     3 |     8 ||    14
       Kick              |       |    11 |    41 ||    52
  Use: Scroll            |     4 |     4 |     4 ||    12
       Potion            |       |     2 |       ||     2
 Stab: Sleeping          |       |     1 |       ||     1
       Invisible         |       |     2 |       ||     2
Armor: Leather armour    |    39 |    15 |    29 ||    83
Dodge: Dodged            |    78 |    49 |    71 ||   198

Table legend: (Time is in decaauts)
 A = Elapsed time spent in this place.
 B = Non-inter-level travel time spent in this place.
 C = Inter-level travel time spent in this place.
 D = Time resting spent in this place.
 E = Time spent auto-exploring this place.
 F = Levels seen in this place.
 G = Mean time per level.
                   A        B        C        D        E       F      G
               +--------+--------+--------+--------+--------+-----+--------+
         Total |   7378 |   7050 |    328 |   1733 |   4328 |   7 | 1054.0 |
       Dungeon |   7187 |   6901 |    286 |   1733 |   4181 |   6 | 1197.8 |
        Temple |    190 |    148 |     42 |      0 |    147 |   1 |  190.0 |
               +--------+--------+--------+--------+--------+-----+--------+

Top non-repeatable levels by time:
     D:5: 1934 daAuts
     D:3: 1461 daAuts
     D:2: 1169 daAuts
     D:1: 1103 daAuts
     D:4: 1052 daAuts
     D:6: 465 daAuts
  Temple: 190 daAuts
